 Seeded DCSS version 0.26.1-10-gdfb7c7de75 (webtiles) character file.

Game seed: 719280578183433182 (custom seed)

399 oldmanjim the Ruffian (level 6, -2/52 HPs)
             Began as a Draconian Transmuter on Apr 7, 2021.
             Was an Initiate of Gozag.
             Slain by an orc priest
             ... wielding a +0 club
              (4 damage)
             ... on level 4 of the Dungeon on Apr 8, 2021.
             The game lasted 00:18:14 (4873 turns).

oldmanjim the Ruffian (Draconian Transmuter)        Turns: 4873, Time: 00:18:14

Health: -2/52      AC:  6    Str: 13    XL:     6   Next: 53%
Magic:  9/9        EV: 12    Int: 15    God:    Gozag
Gold:   136        SH:  4    Dex: 11    Spells: 8/9 levels left

rFire    . . .     SeeInvis .     - Unarmed
rCold    . . .     Faith    .   e - +0 buckler
rNeg     . . .     Spirit   .   (armour unavailable)
rPois    .         Reflect  .   (helmet currently unavailable)
rElec    .         Harm     .   (no cloak)
rCorr    .         Rampage  .   (no gloves)
Will     .....                  (boots currently unavailable)
Stlth    +.........             q - amulet of magic regeneration
HPRegen  0.17/turn              (no ring)
MPRegen  0.36/turn              (no ring)

@: appendages (expiring)
A: unfitting armour, horns 2, talons 2, cold-blooded, AC +6
a: End Transformation, Renounce Religion, Potion Petition, Call Merchant, Bribe
Branch


You were on level 4 of the Dungeon.
You worshipped Gozag.
Gozag was aware of your devotion.
You had grown temporary horns.
You had grown temporary talons.
You visited 1 branch of the dungeon, and saw 4 of its levels.

You collected 175 gold pieces.
You paid 39 gold pieces to Gozag.

Inventory:

Hand Weapons
 b - a +0 hunting sling of flaming
Missiles
 c - 39 stones
 o - 45 sling bullets
 r - 15 poisoned darts
Armour
 e - a +0 buckler (worn)
Jewellery
 d - a cursed ring of teleportation {unknown}
 q - an amulet of magic regeneration (around neck)
 t - an uncursed amulet of reflection {unknown}
Scrolls
 a - 3 scrolls of immolation
 g - a scroll of remove curse
 h - a scroll of blinking {unknown}
 i - a scroll of teleportation
 k - a scroll of fog {unknown}
 n - a scroll of fear {unknown}
 p - a scroll of enchant weapon {unknown}
 s - a scroll of magic mapping {unknown}
 u - a scroll of amnesia {unknown}
 w - a scroll of identify
Potions
 f - a potion of heal wounds {unknown}
 j - a potion of lignification
 l - a potion of flight
 m - a potion of ambrosia
 v - a potion of cancellation {unknown}


   Skills:
 - Level 4.0 Fighting
 - Level 1.7 Dodging
 + Level 2.9 Shields
 + Level 4.4 Unarmed Combat
 - Level 2.0 Spellcasting
 + Level 3.9 Transmutations


You had 8 spell levels left.
You knew the following spells:

 Your Spells              Type           Power        Failure   Level
a - Beastly Appendage     Tmut           26%          4%          1

Your spell library contained the following spells:

 Spells                   Type           Power        Failure   Level
 Wereblood                Tmut           13%          8%          2
 Spider Form              Tmut/Pois      3%           34%         3
 Ice Form                 Ice/Tmut       7%           75%         4
 Blade Hands              Tmut           6%           80%         5


Dungeon Overview and Level Annotations

Branches:
Dungeon (4/15)
 Temple: D:4-7

Altars:
Gozag


Innate Abilities, Weirdness & Mutations

Your plain brown scales are hard. (AC +6)
You cannot fit into any form of body armour.
You are cold-blooded and may be slowed by cold attacks.
You have a pair of horns on your head.
You have razor-sharp toenails.


Message History

You hit the orc priest but do no damage.
You tail-slap the orc priest.
The orc priest is moderately wounded.
The orc priest hits you but does no damage.
You hit the orc priest but do no damage.
You claw the orc priest.
You headbutt the orc priest, but do no damage.
You tail-slap the orc priest, but do no damage.
The orc priest is severely wounded.
Your transformation is almost over.
The orc priest invokes the aid of Beogh against you.
Beogh smites you!
* * * LOW HITPOINT WARNING * * *
Unknown command.
You hit the orc priest.
You claw the orc priest, but do no damage.
The orc priest is almost dead.
The orc priest hits you with a +0 club.
You die...
Your body crumbles into a pile of gold.

######### #.......#
###############.......###
#(...((o@........# #....
#.####(###.##.##.# #....
#.# #.# #.##....# ##.##.
#.# #.# #.####..###...#.
#.# #.# #.# #......_...
#.####.# #.# ###..#...##
#.##$..# #.# #..##.##
#.##$### #.# #.....#
#.##(# #.# . #.....#


You could see an orc priest.

Vanquished Creatures
  A bullfrog (D:3)
  A scorpion (D:2)
  6 orc wizards (D:4)
  3 adders
  A white imp (D:4)
  2 oozes
  2 worms
  A leopard gecko (D:4)
  10 orcs (D:4)
  2 ball pythons
  8 bats
  4 giant cockroaches
  4 goblins
  8 hobgoblins
  7 kobolds
  A quokka (D:2)
  4 frilled lizards
  5 rats
70 creatures vanquished.

Notes
Turn   | Place    | Note
-------+----------+-------------------------------------------
     0 | D:1      | oldmanjim the Draconian Transmuter began the quest for the
                  | Orb.
     0 | D:1      | Reached XP level 1. HP: 16/16 MP: 3/3
   623 | D:1      | Reached XP level 2. HP: 16/24 MP: 0/5
  1076 | D:2      | Reached XP level 3. HP: 30/30 MP: 4/6
  1673 | D:2      | Noticed a scorpion
  1685 | D:2      | Killed a scorpion
  1686 | D:2      | Reached skill level 1 in Shields
  1686 | D:2      | Reached XP level 4. HP: 18/38 MP: 7/7
  2741 | D:3      | Noticed a bullfrog
  2762 | D:3      | Killed a bullfrog
  2763 | D:3      | Reached XP level 5. HP: 19/46 MP: 8/8
  4103 | D:4      | Reached XP level 6. HP: 44/52 MP: 9/9
  4423 | D:4      | Found an opulent altar of Gozag.
  4429 | D:4      | Became a worshipper of Gozag Ym Sagoz the Greedy
  4872 | D:4      | HP: 2/52 [orc priest/divine providence (11)]
  4873 | D:4      | Slain by an orc priest

Illustrated notes

Levels and vault maps discovered:
D:1:      dpeg_arrival_signposts, layout_basic
D:2:      layout_basic
D:3:      layout_loops_corners
D:4:      layout_loops_ring, nicolae_overflow_crystal_walls,
          lemuel_temple_firewalk_a

Skill      XL: |  1  2  3  4  5 |
---------------+----------------+-----
Fighting       | 2 3 4 |  4.0
Shields        | 1 2 |  2.9
Transmutations | 3 |  3.9
Unarmed Combat | 4 |  4.4
Dodging        | |  1.7
Spellcasting   | |  2.0

Action                   |  1- 3 |  4- 6 || total
-------------------------+-------+-------++-------
Melee: Unarmed           |    35 |    47 ||    82
       Kick              |     4 |     7 ||    11
       Headbutt          |     3 |     5 ||     8
       Tailslap          |     1 |     6 ||     7
 Fire: Hunting sling     |    63 |   175 ||   238
Throw: Dart              |       |     6 ||     6
 Cast: Beastly Appendage |     8 |     6 ||    14
  Use: Potion            |     1 |       ||     1
       Scroll            |       |     5 ||     5
Armor: Skin              |    31 |    43 ||    74
Dodge: Dodged            |    45 |    80 ||   125
Block: Buckler           |     5 |    25 ||    30
